 Dungeon Crawl Stone Soup version 0.29-a0-340-g6efceafd81 (webtiles) character file.

Game seed: 3559794871735749102

2 spaghetti the Slasher (level 1, -2/16 HPs)
             Began as an Octopode Chaos Knight on Apr 19, 2022.
             Was a Plaything of Xom.
             Slain by a goblin
             ... wielding a +0 club
              (5 damage)
             ... on level 1 of the Dungeon.
             The game lasted 00:00:18 (81 turns).

spaghetti the Slasher (Octopode Chaos Knight)         Turns: 81, Time: 00:00:19

Health: -2/16      AC:  1    Str: 11    XL:     1   Next: 40%
Magic:  1/1        EV: 13    Int: 14    God:    Xom [..*...]
Gold:   20         SH:  0    Dex: 11    Spells: 0/0 levels left

rFire   . . .      SeeInvis .   a - +0 falchion (chaos) {long}
rCold   . . .      Faith    .   (no shield)
rNeg    . . .      Spirit   .   (helmet restricted)
rPois   .          Reflect  .   (no amulet)
rElec   .          Harm     .   (no ring)
rCorr   .          Rampage  .   (no ring)
Will    .....                   (no ring)
Stlth   ++........              (no ring)
HPRegen 0.05/turn               (no ring)
MPRegen 0.07/turn               (no ring)
                                (no ring)
                                (no ring)

@: no status effects
A: almost no armour, amphibious, 8 rings, camouflage 1, gelatinous body 1,
(nimble swimmer 1), tentacles
a: Renounce Religion


You were on level 1 of the Dungeon.
You worshipped Xom.
You were a toy of Xom.
You visited 1 branch of the dungeon, and saw 1 of its levels.

You collected 20 gold pieces.


Innate Abilities, Weirdness & Mutations

You cannot wear most types of armour.
You are amphibious.
You can wear up to eight rings at the same time.
Your skin changes colour to match your surroundings (Stealth+).
Your rubbery body absorbs attacks. (AC +1, EV +1)
((You are camouflaged when in or above water. (Stealth+)))
You have tentacles for arms and can constrict up to eight enemies at once.


   Skills:
 - Level 3.0 Fighting
 - Level 3.0 Long Blades
 + Level 2.6 Dodging


You couldn't memorise any spells.
You didn't know any spells.
Your spell library was empty.

Inventory:

Hand Weapons
 a - a +0 falchion of chaos (weapon) {long}
Missiles
 e - a stone (quivered) {throwing}
Magical Staves
 d - a staff of fire {!astaff}
   (You found it on level 1 of the Dungeon)
Scrolls
 c - 2 scrolls of enchant armour {unknown}
Miscellaneous
 b - a piece from Xom's chessboard (14/15)

Dungeon Overview and Level Annotations

Branches:
Dungeon (1/15)

Altars:

#............##........#
##............##........#
........................#
....................)...#
.......<.........##.....#
........>........##.....#
................bb......#
.)...............bb.......#
##............##@.b.....###
#............##{....#..#
.......##.......b........
....... #.......!..#######
... ......# #......#
########


There were no monsters in sight!


Message History

🤖 Initializing magus.rc ...
Options error: Delay interrupt name "hungry" not recognised. (~/.crawlrc:4761) Options error: Bad monster_list_colour key: strict_neutral (~/.crawlrc:4776) ✅ Successfully initialized magus.rc [v1.9.6] Welcome, spaghetti the Octopode Chaos Knight.
Will you be the one to retrieve the transcendent Orb of Zot from the depths?
Xom says: A new plaything!
Press ? for a list of commands and other information.
Found a scroll labelled CEBBAC UGYOCLO, 8 gold pieces and a spear.
Found two stairs.
c - a scroll labelled CEBBAC UGYOCLO You now have 8 gold pieces.
A kobold comes into view. It is wielding a +0 whip.
A kobold is nearby!
A kobold is nearby!
An endoplasm comes into view.
The helpless kobold fails to defend itself.
You hit the kobold. You freeze the kobold.
You kill the kobold!
The endoplasm quivers.
You hit the endoplasm. You freeze the endoplasm. The endoplasm freezes you.
You are frozen. 😕 HP[-3]
You take 3 damage, and now have 13/16 hp.
You are too injured to fight recklessly!
You are too injured to fight recklessly!
You are too injured to fight recklessly!
You are too injured to fight recklessly!
You are too injured to fight recklessly!
You are too injured to fight recklessly!
You are too injured to fight recklessly!
You are too injured to fight recklessly!
You hit the endoplasm. You burn the endoplasm.
You kill the endoplasm! 😕 HP[+1]
c - 2 scrolls labelled CEBBAC UGYOCLO (gained 1)
d - a staff of fire {!astaff} You now have 20 gold pieces (gained 12).
e - a stone {throwing} You see here a +0 whip {mace}. 😎 HP[+2]
Your hp is fully restored (16).
A goblin comes into view. It is wielding a +0 club.
A goblin is nearby!
A goblin is nearby!
You make a move on Xom's chessboard...
The goblin flickers and vanishes!
Deactivating autopickup; reactivate with Ctrl-A.
You closely miss something. Something hits you. 😮 HP[-4]
You take 4 damage, and now have 12/16 hp.
MASSIVE DAMAGE!! (PAUSE)
You barely miss something. Your squeeze misses something.
Something hits you. 😮 HP[-1]
You take 1 damage, and now have 11/16 hp.
You closely miss something. Something hits you. 😮 HP[-1]
You take 1 damage, and now have 10/16 hp.
You barely miss something. Something hits you.
* * * LOW HITPOINT WARNING * * *
😨 HP[-3]
You take 3 damage, and now have 7/16 hp.
You barely miss something.
Xom snickers.
Nothing appears to happen...
Ominous!
Something hits you.
* * * LOW HITPOINT WARNING * * *
A shower of butterflies erupts from you!
Something hits you.
You die...

Action                   || total
-------------------------++-------
Melee: Falchion          ||     8
Evoke: Piece from Xom's  ||     1
 Stab: Sleeping          ||     1

Levels and vault maps discovered:
D:1:      dpeg_arrival_stonehenge_8_columns, layout_basic, serial_shops,
          nicolae_shop_hallway_stairs, kennysheep_nondescript

Notes
Turn   | Place    | Note
-------+----------+-------------------------------------------
     0 | D:1      | spaghetti the Octopode Chaos Knight began the quest for the
                  | Orb.
     0 | D:1      | Reached XP level 1. HP: 16/16 MP: 1/1
     0 | D:1      | magus.rc [v1.9.6]
    81 | D:1      | XOM: silly message
    81 | D:1      | HP: 3/16 [something (4)]
    81 | D:1      | XOM: butterfly on damage
    81 | D:1      | Slain by a goblin

Vanquished Creatures
  An endoplasm (D:1)
  A kobold (D:1)
2 creatures vanquished.

Table legend:
 A = Non-vault XP
 B = Vault XP
 C = Vault XP percentage of total XP
 D = Non-vault monster count
 E = Vault monster count
 F = Vault count percentage of total count
                 A         B        C        D         E       F
            +---------+---------+-------+---------+---------+-------
      Total |       4 |       0 |   0.0 |       2 |       0 |   0.0
            +---------+---------+-------+---------+---------+-------
        D:1 |       4 |       0 |   0.0 |       2 |       0 |   0.0
            +---------+---------+-------+---------+---------+-------

Illustrated notes

Table legend:
 A = Kills in this place as a percentage of kills in entire the game.
 B = Kills by you in this place as a percentage of kills by you in the entire game.
 C = Kills by friends in this place as a percentage of kills by friends in the entire game.
 D = Other kills in this place as a percentage of other kills in the entire game.
 E = Experience gained in this place as a percentage of experience gained in the entire game.
 F = Experience gained in this place divided by the number of levels of this place that you have seen.
                   A       B       C       D       E      F
               +-------+-------+-------+-------+-------+----------------------
         Total | 100.0 | 100.0 |   N/A |   N/A | 100.0 |   4.0
       Dungeon | 100.0 | 100.0 |   N/A |   N/A | 100.0 |   4.0
               +-------+-------+-------+-------+-------+----------------------

Table legend: (Time is in decaauts)
 A = Elapsed time spent in this place.
 B = Non-inter-level travel time spent in this place.
 C = Inter-level travel time spent in this place.
 D = Time resting spent in this place.
 E = Time spent auto-exploring this place.
 F = Levels seen in this place.
 G = Mean time per level.
                   A        B        C        D        E       F      G
               +--------+--------+--------+--------+--------+-----+--------+
         Total |     81 |     81 |      0 |      0 |     54 |   1 |   81.0 |
       Dungeon |     81 |     81 |      0 |      0 |     54 |   1 |   81.0 |
               +--------+--------+--------+--------+--------+-----+--------+

Top non-repeatable levels by time:
     D:1: 81 daAuts
